 Dungeon Crawl Stone Soup version 0.30.0 (webtiles) character file.

Game seed: 3284275027709900796

9 Minorbread the Chiller (level 2, -7/20 HPs)
             Began as a Draconian Ice Elementalist on June 2, 2023.
             Engulfed by a cloud of flame (18 damage)
             ... on level 1 of the Dungeon.
             The game lasted 00:00:42 (323 turns).

Minorbread the Chiller (Draconian Ice Elementalist)  Turns: 323, Time: 00:00:42

Health: -7/20      AC:  4    Str: 10    XL:     2   Next: 3%
Magic:  5/5        EV: 12    Int: 15    God:
Gold:   39         SH:  5    Dex: 11    Spells: 5/6 levels left

rFire   . . .        b - +0 dagger
rCold   . . .        (no shield)
rNeg    . . .        (body armour unavailable)
rPois   .            (helmet restricted)
rElec   .            (no cloak)
rCorr   .            (no gloves)
SInv    .            (no boots)
Will    .....        e - amulet of reflection
Stlth   ++           (no ring)
HPRegen 0.23/turn    (no ring)
MPRegen 0.09/turn

%: reflection
@: no status effects
A: AC +4, unfitting armour, cold-blooded
a: no special abilities


You were on level 1 of the Dungeon.
You visited 1 branch of the dungeon, and saw 1 of its levels.

You collected 39 gold pieces.

Inventory:

Hand Weapons
 b - a +0 dagger (weapon)
Jewellery
 e - an amulet of reflection (around neck)
Scrolls
 c - a scroll of vulnerability {unknown}
Potions
 a - a potion of magic
 d - a potion of resistance {unknown}
 f - a potion of ambrosia {unknown}


   Skills:
 - Level 1.7 Dodging
 - Level 1.7 Stealth
 + Level 2.6 Spellcasting
 - Level 4.0 Ice Magic


You had 5 spell levels left.
You knew the following spells:

 Your Spells              Type           Power      Damage    Failure   Level
a - Freeze                Ice            56%        1d7       4%          1

Your spell library contained the following spells:

 Spells                   Type           Power      Damage    Failure   Level
 Frozen Ramparts          Ice            28%        1d5       12%         3
 Ozocubu's Armour         Ice            14%        N/A       12%         3
 Summon Small Mammal      Summ           8%         N/A       21%         1
 Call Canine Familiar     Summ           2%         N/A       52%         3
 Summon Guardian Golem    Hex/Summ       2%         N/A       52%         3
 Summon Ice Beast         Ice/Summ       8%         N/A       65%         4


Dungeon Overview and Level Annotations

Branches:
Dungeon (1/15)

Altars:


Innate Abilities, Weirdness & Mutations

Your plain brown scales are hard. (AC +4)
You cannot fit into any form of body armour.
You are cold-blooded and may be slowed by cold attacks.


Message History

There is a stone staircase leading down here.
c - a scroll labelled ILOBUA DOTZ A bat comes into view.
A bat is nearby!
The helpless bat fails to defend itself.
You hit the bat.
You kill the bat!
No target in view!
Magic restored.
d - a blue potion You now have 26 gold pieces (gained 14).
You open the door.
A giant cockroach comes into view.
There is an open door here.
The helpless giant cockroach fails to defend itself.
You hit the giant cockroach.
You kill the giant cockroach!
You now have 39 gold pieces (gained 13).
A hobgoblin comes into view.
The helpless hobgoblin fails to defend itself.
You hit the hobgoblin.
The hobgoblin is almost dead.
The hobgoblin hits you.
You hit the hobgoblin.
You kill the hobgoblin!
You have reached level 2!
You pick up a book of Callings and begin reading...
You add the spells Summon Small Mammal, Call Canine Familiar and Summon Guardian Golem to your library.
e - an amulet of reflection You start putting on your amulet.
You continue putting on your amulet of reflection. x5
You finish putting on your amulet of reflection.
You feel a shielding aura gather around you.
e - an amulet of reflection (around neck)
f - a glowing pink potion Really walk into a travel-excluded area?
You are engulfed in blazing flames.
You are engulfed in blazing flames.
Ouch! That really hurt!
You die...

####...>....##
#.#.....## #.##.>.### #
#........# #§ #..#####.#
#§§ #..# #.#
##...######..### #.#
....$.§§○.#....# #.#
§.$...§@§....#.###.#
......☼☼○.......##.#####
##...#####...#..##......
#§. #.............# #§
##.###.###.##.# # #.#
#.# #..... #+# #.#
####.# ..# #.# ### ##.#


There were no monsters in sight!

Vanquished Creatures
  A bat (D:1)
  2 giant cockroaches (D:1)
  2 hobgoblins (D:1)
  A kobold (D:1)
  A ball python (D:1)
7 creatures vanquished.

Notes
Turn   | Place    | Note
-------+----------+-------------------------------------------
     0 | D:1      | Minorbread the Draconian Ice Elementalist began the quest
                  | for the Orb.
     0 | D:1      | Reached XP level 1. HP: 14/14 MP: 3/3
   245 | D:1      | Reached XP level 2. HP: 15/20 MP: 5/5
   323 | D:1      | Engulfed by a cloud of flame

Illustrated notes

Levels and vault maps discovered:
D:1:      mushboom_english_gardens, layout_loops_corners, lemuel_flame_loot_1

Action                     || total
---------------------------++-------
  Melee: Dagger            ||    15
         Tailslap          ||     2
   Stab: Sleeping          ||     3
 Armour: Skin              ||     3
  Dodge: Dodged            ||     6
